AoeStats
← longbigtoes

MegaRandom

503811218Analyzed
1v1 RM · 29d ago on Sep 2, 2026· 39m 42s· 2 players
Game mode
Random Map
Map size
Tiny (2 player)
Population
200
Speed
Normal
Resources
Standard
Victory
Conquest
Starting age
Dark Age
Ending age
Imperial Age
RankedLock teamsTeams togetherTeam positionsShared explorationLock speedFull tech treeHidden civsTurbo modeCheats
Victory
Defeat
🇬🇧 Inca · United Kingdom
1012
+13
🇬🇧 Armenians · United Kingdom
941
-13
Weike
1:05 Loom
10:38 Feudal Age
10:51 Champi Runner
15:47 Scale Mail Armor
18:05 Forging
19:16 Wheelbarrow
19:56 Arson
22:24 Double-Bit Axe
27:27 Castle Age
27:48 Fletching
27:49 Champi Warrior
29:39 Chain Mail Armor
32:41 Iron Casting
longbigtoes
8:09 Loom
10:49 Feudal Age
10:53 Man-at-Arms
13:44 Arson
15:31 Scale Mail Armor
15:55 Long Swordsman
18:01 Forging
26:18 Fletching
34:47 Castle Age
34:48 Two-Handed Swordsman
35:16 Gambesons
35:35 Squires
37:41 Bodkin Arrow
38:24 Iron Casting
Connection lost

Rejoining the realm…

Still unreachable

The connection could not be restored.

Session expired

The server has moved on; the page needs a fresh start.